 Dungeon Crawl Stone Soup version 0.27-a0-668-gb5737ff2c0 (webtiles) character file.

Game seed: 15893157102316988360

2 kae the Ruffian (level 1, -1/18 HPs)
             Began as a Naga Transmuter on Mar 17, 2021.
             Slain by an ooze (2 damage)
             ... on level 1 of the Dungeon.
             The game lasted 00:00:08 (140 turns).

kae the Ruffian (Naga Transmuter)                    Turns: 140, Time: 00:00:08

Health: -1/18      AC:  1    Str: 12    XL:     1   Next: 30%
Magic:  3/3        EV:  9    Int: 13    God:
Gold:   7          SH:  0    Dex: 11    Spells: 3/4 levels left

rFire    . . .     SeeInvis +     - Unarmed
rCold    . . .     Faith    .   (no shield)
rNeg     . . .     Spirit   .   a - +0 robe
rPois    +         Reflect  .   (helmet currently unavailable)
rElec    .         Harm     .   (no cloak)
rCorr    .         Rampage  .   (no gloves)
Will     .....                  (no barding)
Stlth    +.........             (no amulet)
HPRegen  0.06/turn              (no ring)
MPRegen  0.08/turn              (no ring)

@: short of breath, appendages (expiring), very slow
A: horns 2, AC +0, large, see invisible, deformed body, poison resistance,
slowness 2, spit poison 1, naga tail 1
a: Spit Poison, End Transformation


You were on level 1 of the Dungeon.
You had temporarily grown beastly horns.
You visited 1 branch of the dungeon, and saw 1 of its levels.

You collected 7 gold pieces.

Inventory:

Armour
 a - a +0 robe (worn)
Potions
 b - a potion of brilliance {unknown}


   Skills:
 + Level 1.0 Fighting
 + Level 1.5 Dodging
 * Level 3.0 Unarmed Combat
 + Level 2.0 Spellcasting
 * Level 2.0 Transmutations


You had 3 spell levels left.
You knew the following spells:

 Your Spells              Type           Power      Damage    Failure   Level
a - Beastly Appendage     Tmut           12%        N/A       11%         1

Your spell library contained the following spells:

 Spells                   Type           Power      Damage    Failure   Level
 Wereblood                Tmut           6%         N/A       17%         2
 Spider Form              Tmut/Pois      2%         N/A       45%         3
 Ice Form                 Ice/Tmut       4%         N/A       86%         4
 Blade Hands              Tmut           3%         N/A       97%         5


Dungeon Overview and Level Annotations

Branches:
Dungeon (1/15)

Altars:


Innate Abilities, Weirdness & Mutations

You have temporarily grown beastly horns.
Your serpentine skin is tough. (AC +0)
You have supernaturally acute eyesight. (SInv)
Armour fits poorly on your strangely shaped body.
Your system is resistant to poisons. (rPois)
You cover ground very slowly.
You can spit poison.
You have a snake-like lower body.


Message History

You grow a pair of large bovine horns.
The kobold hits the plant.
The plant begins to die.
You barely miss the rat. Your headbutt misses the rat.
An ooze comes into view.
The rat closely misses you.
You closely miss the rat. The rat barely misses you.
A kobold opens the door.
You closely miss the rat.
The rat twitches its whiskers.
The rat bites you.
The ooze quivers.
You hit the rat.
You kill the rat!
A nearby plant withers and dies.
The kobold hits you.
There are monsters nearby!
You are too injured to fight recklessly!
You are too injured to fight recklessly!
You are too injured to fight recklessly!
You are too injured to fight recklessly!
Unknown command.
You closely miss the kobold. The kobold barely misses you.
You barely miss the kobold. Your headbutt misses the kobold.
Your transformation is almost over.
You closely miss the kobold. The kobold hits you.
You closely miss the kobold. The kobold hits you.
You hit the kobold.
You kill the kobold!
Abil: Spit Poison
Press: ? - help, Q - select action, (/) - cycle Shift-Dir - straight line, f - ooze
Aim: an ooze The splash of poison hits the ooze.
The ooze is lightly wounded.
The ooze hits you.
* * * LOW HITPOINT WARNING * * *
You hit the ooze.
The ooze is severely wounded.
The ooze barely misses you.
You hit the ooze.
The ooze is almost dead.
The ooze hits you.
You die...

##.#.P≈P♣ ....
..#####.#.P≈≈♣ ....
........#..≈≈♣ .....##
#####...#..PP♣ .P...#.
..# #.#.#..P≈P
.≈.♣...#+###.###+#'#..P≈P
≈.≈≈P..................≈.
≈≈≈.≈.....#............#.
≈≈.≈≈.†J@?#.#..........#
≈≈.≈≈P(##.....######...#
≈≈≈≈♣.. #.#.#.####.....#
...♣... #.#......'.....#
. ..... #.#.....##.^..##
...... #.#...#.#####.#
####### ######### ###


You could see an ooze.

Vanquished Creatures
  A kobold (D:1)
  A rat (D:1)
2 creatures vanquished.

Vanquished Creatures (others)
  A plant (D:1)
1 creature vanquished.

Grand Total: 3 creatures vanquished

Notes
Turn   | Place    | Note
-------+----------+-------------------------------------------
     0 | D:1      | kae the Naga Transmuter began the quest for the Orb.
     0 | D:1      | Reached XP level 1. HP: 18/18 MP: 3/3
   140 | D:1      | Slain by an ooze

Illustrated notes

Levels and vault maps discovered:
D:1:      wander_arrival_peaceful_grave, layout_basic, serial_bayou,
          serial_bayou_pond_c, serial_bayou_pond_b, serial_bayou_pond_b,
          serial_bayou_crossing, serial_bayou_lagoon_a,
          chequers_serial_rivers_micro_e, roderic_roman_lattice,
          minmay_crystal_room, serial_bayou_pond_c, lexackson_kobold_supper

Action                   || total
-------------------------++-------
Melee: Unarmed           ||    11
 Cast: Beastly Appendage ||     1
 Abil: Spit Poison       ||     1
Dodge: Dodged            ||     5

Table legend: (Time is in decaauts)
 A = Elapsed time spent in this place.
 B = Non-inter-level travel time spent in this place.
 C = Inter-level travel time spent in this place.
 D = Time resting spent in this place.
 E = Time spent auto-exploring this place.
 F = Levels seen in this place.
 G = Mean time per level.
                   A        B        C        D        E       F      G
               +--------+--------+--------+--------+--------+-----+--------+
         Total |    187 |    187 |      0 |      0 |    168 |   1 |  187.0 |
       Dungeon |    187 |    187 |      0 |      0 |    168 |   1 |  187.0 |
               +--------+--------+--------+--------+--------+-----+--------+

Top non-repeatable levels by time:
     D:1: 187 daAuts
